 Dungeon Crawl Stone Soup version 0.31-a0-426-g3a05650e59 (webtiles) character file.

Game seed: 11189280039610054026

58 Gelion the Changeling (level 4, -1/29 HPs)
             Began as an Octopode Shapeshifter on July 30, 2023.
             Slain by Crazy Yiuf
             ... wielding a +4 quarterstaff of chaos
              (5 damage)
             ... on level 2 of the Dungeon.
             The game lasted 00:01:56 (1122 turns).

Gelion the Changeling (Octopode Shapeshifter)       Turns: 1122, Time: 00:01:57

Health: -1/29      AC:  1    Str: 14    XL:     4   Next: 1%
Magic:  4/4        EV: 13    Int: 10    God:
Gold:   123        SH:  0    Dex: 14    Spells: 3/3 levels left

rFire   . .          .
                       - Unarmed
rCold   + . .        (no shield)
rNeg    . . .        (helmet currently unavailable)
rPois   .            (no amulet)
rElec   .            e - ring of protection from cold
rCorr   .            (no ring)
SInv    .            (no ring)
Will    .....        (no ring)
Stlth   ++           (no ring)
HPRegen 0.24/turn    (no ring)
MPRegen 0.09/turn    (no ring)
                     (no ring)

%: no passive effects
@: beast-form
A: beast (slay +2), almost no armour, amphibious, 8 rings, camouflage 1,
gelatinous body 1, (nimble swimmer 1), tentacles
a: Begin Untransformation


You were on level 2 of the Dungeon.
You were a hulking beast.
You visited 1 branch of the dungeon, and saw 2 of its levels.

You collected 123 gold pieces.

Inventory:

Jewellery
 e - a ring of protection from cold (left tentacle)
 f - an amulet of guardian spirit
Talismans
 b - a beast talisman (active)
Scrolls
 c - 2 scrolls of identify
 g - a scroll of teleportation {unknown}
Potions
 a - a potion of lignification
 d - 2 potions of mutation {unknown}


   Skills:
 + Level 1.9 Fighting
 - Level 2.0 Dodging
 + Level 3.5 Unarmed Combat
 * Level 3.7 Shapeshifting


You had 3 spell levels left.
You didn't know any spells.
Your spell library was empty.

Dungeon Overview and Level Annotations

Branches:
Dungeon (2/15)

Altars:

Shops:
D:2 [

Annotations:
D:2 Crazy Yiuf


Innate Abilities, Weirdness & Mutations

You are a hulking beast.
Your limbs bulge with bestial killing power. (Slay +2)
You cannot wear most types of armour.
You are amphibious.
You can wear up to eight rings at the same time.
Your skin changes colour to match your surroundings (Stealth+).
Your rubbery body absorbs attacks. (AC +1, EV +1)
((You are camouflaged when in or above water. (Stealth+)))
You have tentacles for arms and can constrict up to eight enemies at once.


Message History

Found a scroll labelled LATYGE QAISARCH.
The jackal closely misses you. The jackal bites you.
You tentacle-slap the jackal. You grab the jackal.
The jackal is almost dead.
You constrict the jackal, but do no damage.
The jackal closely misses you.
You barely miss the jackal.
The jackal is almost dead.
You constrict the jackal.
You kill the jackal!
You see here a jackal corpse.
The jackal barks!
A rat comes into view.
You tentacle-slap the jackal but do no damage.
Your grab misses the jackal.
Your tentacle-slap misses the jackal.
You squeeze the jackal.
You kill the jackal!
You have reached level 4!
The rat bites you but does no damage.
You bludgeon the rat!
You kill the rat!
No target in view!
g - a scroll labelled LATYGE QAISARCH
Found a hammer.
Found a runed translucent door.
You open the door.
Crazy Yiuf shouts!
Crazy Yiuf laughs, "Dawk!
Prologue aubergine Orb Guardian."
There is an open translucent door here.
Crazy Yiuf hits you with a +4 quarterstaff of chaos.
You tentacle-slap Crazy Yiuf. Your grab misses Crazy Yiuf.
Crazy Yiuf is moderately wounded.
Crazy Yiuf hits you with a +4 quarterstaff of chaos.
Crazy Yiuf burns you.
You tentacle-slap Crazy Yiuf. Your grab misses Crazy Yiuf.
Your squeeze misses Crazy Yiuf.
Crazy Yiuf is heavily wounded.
Crazy Yiuf hits you with a +4 quarterstaff of chaos!
* * * LOW HITPOINT WARNING * * *
Crazy Yiuf burns you.
You die...

♣P.P.♣
#.##...†....
♣.PP♣♣
#.##........
♣♣.♣♣
#...........
♣.♣♣
#.##........
♣♣.♣
#.##........
♣.♣♣
#.##........
♣♣.♣
#.##........
##'##
#...........
#.h.#
#.##........
#.g.#
#.##........
#..)#
#...........
#####
####..######
#..# ###
#..# #.#
#..# #.#
#..# #.#
#.##


You could see Crazy Yiuf.

Vanquished Creatures
  An adder (D:2)
  A worm (D:2)
  7 endoplasms
  A giant cockroach (D:2)
  6 goblins
  6 hobgoblins
  2 jackals (D:2)
  3 kobolds
  2 quokkas (D:1)
  4 ball pythons
  A bat (D:2)
  3 frilled lizards
  2 rats (D:2)
39 creatures vanquished.

Notes
Turn   | Place    | Note
-------+----------+-------------------------------------------
     0 | D:1      | Gelion the Octopode Shapeshifter began the quest for the
                  | Orb.
     0 | D:1      | Reached XP level 1. HP: 13/13 MP: 1/1
   194 | D:1      | Reached XP level 2. HP: 18/18 MP: 2/2
   419 | D:1      | Reached XP level 3. HP: 23/23 MP: 3/3
   903 | D:2      | Found Plog's Antique Armour Shop.
  1014 | D:2      | Reached XP level 4. HP: 29/29 MP: 4/4
  1114 | D:2      | Found a runed translucent door.
  1115 | D:2      | Noticed Crazy Yiuf
  1122 | D:2      | Slain by Crazy Yiuf

Illustrated notes

Levels and vault maps discovered:
D:1:      dpeg_arrival_snail, layout_basic, minmay_misc_feat_roman
D:2:      layout_basic, serial_shops, nicolae_shop_rolling_square,
          uniq_crazy_yiuf_cottage

Action                     |  1- 3 |  4- 6 || total
---------------------------+-------+-------++-------
  Melee: Unarmed           |    62 |     3 ||    65
         Tentacles         |    12 |       ||    12
         Constrict         |    17 |       ||    17
         Punch             |     1 |       ||     1
    Use: Scroll            |     2 |       ||     2
   Stab: Sleeping          |     7 |       ||     7
 Armour: Skin              |     3 |     1 ||     4
  Dodge: Dodged            |    25 |       ||    25

Table legend: (Time is in decaauts)
 A = Elapsed time spent in this place.
 B = Non-inter-level travel time spent in this place.
 C = Inter-level travel time spent in this place.
 D = Time resting spent in this place.
 E = Time spent auto-exploring this place.
 F = Levels seen in this place.
 G = Mean time per level.
                   A        B        C        D        E       F      G
               +--------+--------+--------+--------+--------+-----+--------+
         Total |   1117 |   1093 |     24 |      0 |    866 |   2 |  558.5 |
       Dungeon |   1117 |   1093 |     24 |      0 |    866 |   2 |  558.5 |
               +--------+--------+--------+--------+--------+-----+--------+

Top non-repeatable levels by time:
     D:1: 569 daAuts
     D:2: 548 daAuts
